 Dungeon Crawl Stone Soup version 0.18.1-47-g9310371 (webtiles) character file.

56 zervinho the Sneak (level 3, 0/16 HPs)
             Began as a Spriggan Enchanter on June 21, 2016.
             Succumbed to an adder's poison
             ... on level 2 of the Dungeon.
             The game lasted 00:06:08 (1684 turns).

zervinho the Sneak (Spriggan Enchanter)             Turns: 1684, Time: 00:06:08

Health: 0/16       AC:  3    Str:  4    XL:     3   Next: 69%
Magic:  7/8        EV: 18    Int: 17    God:
Gold:   41         SH:  0    Dex: 16    Spells: 2 memorised, 5 levels left

rFire  . . .     SeeInvis +     a - +1 dagger
rCold  . . .     Gourm    .     b - +1 robe
rNeg   . . .     Faith    .     (shield restricted)
rPois  .         Spirit   .     n - +0 hat
rElec  .         Dismiss  .     (no cloak)
rCorr  .         Reflect  .     (gloves unavailable)
SustAt .         Harm     .     (boots unavailable)
MR     .....                    (no amulet)
Stlth  +++.......               (no ring)
                                (no ring)

@: lethally poisoned (0 -> -14), very quick, not resistant to hostile
enchantments, fairly stealthy
A: unfitting armour, see invisible, herbivore 3, speed 3, slow metabolism 2
a: no special abilities


You were on level 2 of the Dungeon.
You were not hungry.

You visited 1 branch of the dungeon, and saw 2 of its levels.

You collected 41 gold pieces.

Inventory:

Hand Weapons
 a - a +1 dagger (weapon)
 p - a +0 hunting sling
Missiles
 h - 94 stones (quivered)
 o - 26 sling bullets
Armour
 b - a +1 robe (worn)
 n - a +0 hat (worn)
Scrolls
 g - a scroll of fear {unknown}
 i - 4 scrolls of identify {unknown}
 j - a scroll of amnesia {unknown}
 m - 2 scrolls of remove curse {unknown}
 q - a scroll of teleportation {unknown}
Potions
 e - 2 potions of flight {unknown}
 f - 2 potions of mutation {unknown}
 k - a potion of curing {unknown}
 l - a potion of agility {unknown}
Books
 c - a book of Maledictions

   Spells                             Type                      Level
   a - Corona                         Hexes                        1
   b - Ensorcelled Hibernation        Hexes/Ice                    2
   c - Confuse                        Hexes                        3
   d - Tukima's Dance                 Hexes                        3
   e - Dazzling Spray                 Conjuration/Hexes            3
Comestibles
 d - a bread ration


   Skills:
 + Level 0.1 Fighting
 * Level 1.9 Short Blades
 + Level 3.3 Dodging
 * Level 5.5 Stealth
 + Level 3.1 Spellcasting
 + Level 4.2 Hexes


You had 5 spell levels left.
You knew the following spells:

 Your Spells              Type           Power        Failure   Level  Hunger
a - Corona                Hex            ###....      3%          1    None
b - Ensorcelled Hibernat  Hex/Ice        #.....       14%         2    ##.....


Dungeon Overview and Level Annotations

Branches:
Dungeon (2/15)

Altars:


Innate Abilities, Weirdness & Mutations

You are tiny and cannot use many weapons and most armour.
You have supernaturally acute eyesight.
You are a herbivore.
You cover ground extremely quickly.
You need consume almost no food.


Message History

You barely miss the adder.
The adder is lightly wounded.
The adder barely misses you.
You completely miss the adder.
The adder is lightly wounded.
* * * LOW HITPOINT WARNING * * *
You feel sick. The adder closely misses you. The adder completely misses you.
You hit the adder but do no damage.
The adder is lightly wounded.
The adder bites you.
* * * LOW HITPOINT WARNING * * *
You are more poisoned.
The adder poisons you!
You hit the adder but do no damage.
The adder is lightly wounded.
* * * LOW HITPOINT WARNING * * *
You feel sick. The adder closely misses you.
You closely miss the adder.
The adder is lightly wounded.
You die...

#.##..........
#.##..........
#.##..........
#.#####'#..... #.#
#......... #### #.#
#.......## ..... #.#
#.......')
......#####.#
#.......##
......S@..#.# #.......#
.<........#.###.......#
..........'<..'.......+
......[...#####.......#
##>.......# #########
#........# #........#
#........# .......##


You could see an adder.

Vanquished Creatures
  A dart slug (D:1)
  3 giant geckos
  3 giant cockroaches
  6 goblins (D:2)
  9 hobgoblins
  4 jackals (D:1)
  7 kobolds
  2 bats
  3 giant newts (D:1)
  5 rats
43 creatures vanquished.

Notes
Turn   | Place    | Note
--------------------------------------------------------------
     0 | D:1      | zervinho the Spriggan Enchanter began the quest for the Orb.
     0 | D:1      | Reached XP level 1. HP: 9/9 MP: 5/5
   247 | D:1      | Reached XP level 2. HP: 13/13 MP: 4/6
   251 | D:1      | Learned a level 2 spell: Ensorcelled Hibernation
   442 | D:1      | Reached skill level 5 in Stealth
   811 | D:1      | Reached XP level 3. HP: 16/16 MP: 8/8
  1684 | D:2      | Succumbed to an adder's poison

Skill      XL: |  1  2  3 |
---------------+----------+-----
Stealth        | 5 |  5.5
Hexes          | 4 |  4.2
Spellcasting   | 3 |  3.1
Fighting       | |  0.1
Short Blades   | |  1.9
Dodging        | |  3.3

Action                   || total
-------------------------++-------
Melee: Dagger            ||   161
Throw: Stone             ||     1
 Cast: Corona            ||    27
 Stab: Sleeping          ||    17
Armor: Robe              ||    24
Dodge: Dodged            ||   118
